 Dungeon Crawl Stone Soup version 0.20-a0-949-g916514f (webtiles) character file.

101 Isola the Stinger (level 4, -1/54 HPs)
             Began as a Naga Venom Mage on Apr 4, 2017.
             Killed by divine providence
             ... invoked by an orc priest
              (12 damage)
             ... on level 3 of the Dungeon.
             The game lasted 00:05:26 (2521 turns).

Isola the Stinger (Naga Venom Mage)                 Turns: 2521, Time: 00:05:27

Health: -1/54      AC: 22    Str: 10    XL:     4   Next: 75%
Magic:  2/7        EV:  1    Int: 16    God:
Gold:   41         SH:  2    Dex: 12    Spells: 1/7 levels left

rFire    . . .     SeeInvis +   n - +0 short sword
rCold    . . .     Gourm    .   (no shield)
rNeg     + + +     Faith    .   (armour currently unavailable)
rPois    +         Spirit   .   (helmet currently unavailable)
rElec    .         Reflect  +   (cloak currently unavailable)
rCorr    .         Harm     .   (gloves currently unavailable)
MR       .....     NoTele   +   (no barding)
Stlth    +++.......             g - +2 amulet of reflection
Regen    0.2/turn               i - ring of positive energy
MPRegen  0.1/turn               (no ring)

@: tree-form
A: see invisible, (deformed body), (poison resistance), (slowness 0), slow
metabolism 1, spit poison 1, AC +1
a: Spit Poison


You were on level 3 of the Dungeon.
You were very hungry.
You were a tree.
You visited 1 branch of the dungeon, and saw 3 of its levels.

You collected 41 gold pieces.

Inventory:

Hand Weapons
 n - a +0 short sword (weapon)
Armour
 a - a +0 robe (melded)
 d - a +0 leather armour
Jewellery
 g - a +2 amulet of reflection (around neck)
 i - a ring of positive energy (left branch)
Scrolls
 j - 2 scrolls of identify {unknown}
 p - a scroll of immolation {unknown}
 q - a scroll of fear {unknown}
Potions
 e - a potion of heal wounds {unknown}
 h - a potion of curing
 k - 2 potions of haste {unknown}
 l - a potion of invisibility {unknown}
Books
 b - a Young Poisoner's Handbook

   Spells                             Type                      Level
   a - Sting                          Conjuration/Poison           1
   b - Poisonous Vapours              Poison/Air                   2
   c - Mephitic Cloud                 Conjuration/Poison/Air       3
   d - Olgreb's Toxic Radiance        Poison                       4
   e - Venom Bolt                     Conjuration/Poison           5
Comestibles
 c - 4 bread rations
 f - a meat ration
 m - a royal jelly


   Skills:
 - Level 1.5 Dodging
 + Level 4.3 Stealth
 - Level 2.0 Spellcasting
 + Level 2.3 Conjurations
 * Level 5.7 Poison Magic


You had one spell level left.
You knew the following spells:

 Your Spells              Type           Power        Failure   Level  Hunger
a - Sting                 Conj/Pois      ##..         4%          1    #......
b - Poisonous Vapours     Pois/Air       ##....       12%         2    ###....
c - Mephitic Cloud        Conj/Pois/Air  ##......     21%         3    ###....


Dungeon Overview and Level Annotations

Branches:
Dungeon (3/15)

Altars:
Ru


Innate Abilities, Weirdness & Mutations

You cannot wear boots.
((Your serpentine skin is tough. (AC +1)))
You have supernaturally acute eyesight. (SInv)
((Armour fits poorly on your strangely shaped body.))
((Your system is resistant to poisons. (rPois)))
((You cover ground very slowly.))
You have a slow metabolism.
You can spit poison.


Message History

The orc priest hits you with a club.
You completely miss the orc priest.
The orc priest is heavily wounded.
The orc priest hits you with a club.
* * * LOW HITPOINT WARNING * * *
You turn into a tree.
Your +0 robe melds into your body.
Your roots penetrate the ground.
The orc priest looks more healthy.
The orc priest hits you but does no damage.
You barely miss the orc priest.
The orc priest is heavily wounded.
You kill the hobgoblin!
The orc priest hits you but does no damage.
You closely miss the orc priest.
The orc priest is heavily wounded.
The orc priest hits you but does no damage.
You barely miss the orc priest.
The orc priest is heavily wounded.
The orc priest calls down the wrath of Beogh upon you.
Beogh smites you!
You die...

#########
.)########<.......
...)roo♣...#######
.###########


You could see an orc priest, an orc and a rat.

Vanquished Creatures
  An orc priest (D:3)
  2 adders (D:2)
  2 dart slugs
  2 orcs (D:3)
  A giant cockroach (D:3)
  7 goblins
  6 hobgoblins
  7 jackals (D:2)
  6 bats
  2 frilled lizards
  6 kobolds
  4 rats
46 creatures vanquished.

Notes
Turn   | Place    | Note
-------+----------+-------------------------------------------
     0 | D:1      | Isola the Naga Venom Mage began the quest for the Orb.
     0 | D:1      | Reached XP level 1. HP: 15/15 MP: 3/3
   549 | D:1      | Reached XP level 2. HP: 22/22 MP: 0/5
  1076 | D:2      | Reached XP level 3. HP: 28/28 MP: 1/6
  1403 | D:2      | Learned a level 2 spell: Poisonous Vapours
  1408 | D:2      | Learned a level 3 spell: Mephitic Cloud
  1512 | D:2      | Reached skill level 5 in Poison Magic
  1996 | D:2      | Found a sacrificial altar of Ru.
  2064 | D:2      | Reached XP level 4. HP: 36/36 MP: 3/7
  2521 | D:3      | Killed from afar by an orc priest

Vault maps used:
D:1:      elethiomel_arrival_infinity_welcomes_careful_drivers, serial_bayou,
          serial_bayou_lake_a, serial_bayou_lagoon_a, serial_bayou_ford_a,
          serial_bayou_pond_d, serial_bayou_pond_b, serial_bayou_crossing
D:2:      wad_pebble_path, nicolae_ru_sacrificial_ziggurat
D:3:      kennysheep_boxes

Skill      XL: |  1  2  3 |
---------------+----------+-----
Poison Magic   | 5 |  5.7
Stealth        | 4 |  4.3
Conjurations   | 2 |  2.3
Dodging        | |  1.5
Spellcasting   | |  2.0

Action                   |  1- 3 |  4- 6 || total
-------------------------+-------+-------++-------
Melee: Unarmed           |     9 |       ||     9
       Short sword       |    51 |    19 ||    70
 Cast: Sting             |    34 |     3 ||    37
       Poisonous Vapours |     3 |     3 ||     6
       Mephitic Cloud    |     1 |       ||     1
  Use: Potion            |     2 |     1 ||     3
 Stab: Sleeping          |     1 |       ||     1
  Eat: Chunk             |     4 |       ||     4
Armor: Skin              |     3 |     3 ||     6
       Robe              |    23 |     3 ||    26
Dodge: Dodged            |    43 |     4 ||    47
Block: Other             |     5 |     2 ||     7
